[Event "10th Iberoamericano-ch 2024"]
[Site "Linares"]
[Date "2024.10.01"]
[Round "9.11"]
[White "Merario Alarcon, Andres"]
[Black "Noboa Silva, Kevin"]
[Result "0-1"]
[Annotator "RC"]
[ECO "C10"]
[WhiteElo "2408"]
[BlackElo "2382"]
[PlyCount "146"]
[EventDate "2024.09.25"]
[EventType "swiss"]
[EventCountry "ESP"]
[SourceTitle "playchess.com"]
[Source "ChessBase"]
[SourceQuality "1"]
[TimeControl "5400+30"]

1. e4 e6 2. d4 d5 3. Nc3 dxe4 4. Nxe4 Nd7 5. Nf3 Ngf6 6. Nxf6+ Nxf6 7. Be3 Bd7 8. Ne5 Ba4 9. a3 Nd7 10. b3 Nxe5 11. bxa4 Ng6 12. Bd3 Bd6 13. Qf3 c6 14. h4 Nxh4 15. Qg4 Nf5 16. Bd2 Qf6 17. c3 O-O-O 18. Qf3 Bc7 19. g4 Ne7 20. Qxf6 gxf6 21. Ke2 Ng6 22. Rh6 c5 23. Be3 cxd4 24. cxd4 Bb6 25. Be4 Bxd4 26. Rc1+ Kb8 27. Rb1 b6 28. Rbh1 Bxe3 29. fxe3 Rd6 30. Bxg6 fxg6 31. Rxg6 hxg6 32. Rxh8+ Kb7 33. Rf8 e5 34. Rf7+ Ka6 35. Kf3 Rc6 36. Rg7 f5 37. g5 Rc3 38. Re7 f4 39. Rxe5 fxe3 40. a5 Rc5 41. Rxe3 Rxa5 42. Kf4 Rf5+ 43. Kg4 Rc5 44. Re6 Rc4+ 45. Kf3 Ra4 46. Rxg6 Rxa3+ 47. Kf4 Ra1 48. Rd6 Rg1 49. g6 Kb7 50. Ke4 a5 51. Kd4 a4 52. Kc3 Ka6 53. Kb4 Rg4+ 54. Ka3 Ka5 55. Re6 Rg3+ 56. Ka2 b5 57. Rf6 Rg2+ 58. Ka1 Rg4 59. Ka2 Kb4 60. Re6 Rg2+ 61. Ka1 Kc4 62. Rf6 Rg4 63. Re6 b4 64. Rf6 b3 65. Kb2 Rg2+ 66. Kb1 a3 67. Rf4+ Kd5 68. Rf5+ Ke4 69. Rf1 Rxg6 70. Rd1 Rg2 71. Ka1 Ke3 72. Rh1 Kf2 73. Rb1 Rg1 0-1

[Event "10th Iberoamericano-ch 2024"]
[Site "Linares"]
[Date "2024.10.01"]
[Round "9.12"]
[White "Matamoros Franco, Carlos S."]
[Black "Bendayan Claros, Aaron"]
[Result "1/2-1/2"]
[Annotator "RC"]
[ECO "A07"]
[WhiteElo "2404"]
[BlackElo "2150"]
[PlyCount "57"]
[EventDate "2024.09.25"]
[EventType "swiss"]
[EventCountry "ESP"]
[SourceTitle "playchess.com"]
[Source "ChessBase"]
[SourceQuality "1"]
[TimeControl "5400+30"]

1. Nf3 Nf6 2. g3 d5 3. Bg2 c6 4. O-O Bg4 5. h3 Bh5 6. c4 e6 7. d4 Be7 8. Nc3 Nbd7 9. cxd5 cxd5 10. Qb3 Qb6 11. Ne5 Bg6 12. Qxb6 Nxb6 13. Bf4 O-O 14. Rfc1 a6 15. Nxg6 hxg6 16. Bc7 Bd8 17. Bd6 Re8 18. e4 Nc4 19. Be5 Nxb2 20. exd5 exd5 21. Nxd5 Nxd5 22. Bxd5 Nd3 23. Bxb7 Ra7 24. Bc6 Re6 25. Bd5 Nxc1 26. Rxc1 Re8 27. Rc8 Rf8 28. Rc6 Bf6 29. Bxf6 1/2-1/2

[Event "10th Iberoamericano-ch 2024"]
[Site "Linares"]
[Date "2024.10.01"]
[Round "9.13"]
[White "Marin Ferragut, Pau"]
[Black "Veiga, Jose Francisco R P N"]
[Result "1-0"]
[Annotator "RC"]
[ECO "E73"]
[WhiteElo "2314"]
[BlackElo "2412"]
[PlyCount "57"]
[EventDate "2024.09.25"]
[EventType "swiss"]
[EventCountry "ESP"]
[SourceTitle "playchess.com"]
[Source "ChessBase"]
[SourceQuality "1"]
[TimeControl "5400+30"]

1. c4 Nf6 2. Nc3 g6 3. e4 d6 4. d4 Bg7 5. Be2 O-O 6. Be3 e5 7. d5 Na6 8. g4 Nc5 9. Bf3 a5 10. h4 Qd7 11. g5 Ng4 12. Bxc5 dxc5 13. Qe2 f6 14. O-O-O fxg5 15. hxg5 Qf7 16. Kb1 h5 17. Rd3 c6 18. a4 Bd7 19. Nh3 Qe7 20. Bg2 Rf7 21. f3 Raf8 22. Qe1 Bc8 23. fxg4 hxg4 24. Qh4 gxh3 25. Rdxh3 Rf4 26. Qh7+ Kf7 27. Qxg7+ Kxg7 28. Rh7+ Kg8 29. Rxe7 1-0

[Event "10th Iberoamericano-ch 2024"]
[Site "Linares"]
[Date "2024.10.01"]
[Round "9.14"]
[White "Escalona Landi, Samid Eduardo"]
[Black "Vega Gutierrez, Sabrina"]
[Result "1-0"]
[Annotator "RC"]
[ECO "A04"]
[WhiteElo "2326"]
[BlackElo "2392"]
[PlyCount "94"]
[EventDate "2024.09.25"]
[EventType "swiss"]
[EventCountry "ESP"]
[SourceTitle "playchess.com"]
[Source "ChessBase"]
[SourceQuality "1"]
[TimeControl "5400+30"]

1. Nf3 c5 2. g3 g6 3. Bg2 Bg7 4. d3 Nc6 5. O-O d6 6. Nc3 Nf6 7. e4 Rb8 8. a4 a6 9. h3 Nd7 10. Nd5 e6 11. Ne3 b5 12. axb5 axb5 13. c3 Qb6 14. Nh2 b4 15. Nc4 Qc7 16. Bd2 bxc3 17. bxc3 Nb6 18. Ne3 O-O 19. f4 f5 20. g4 Kh8 21. h4 e5 22. exf5 exf4 23. Rxf4 d5 24. Rf1 d4 25. cxd4 cxd4 26. Nc2 gxf5 27. Nb4 Ne5 28. gxf5 Qd6 29. Be4 Nbd7 30. Nd5 Nf6 31. Nxf6 Bxf6 32. Ra7 Rg8+ 33. Kh1 Bd7 34. Bf4 Rg7 35. Ng4 Rbg8 36. Nh6 Rf8 37. Qe2 Bxh4 38. Qh2 Bf6 39. Ra5 Re8 40. Rd5 Qe7 41. Bxe5 Bxe5 42. f6 Bxf6 43. Rxd7 Qxd7 44. Rxf6 Rc8 45. Rf1 Qe8 46. Nf5 Rf7 47. Rg1 Qd7 1-0

[Event "10th Iberoamericano-ch 2024"]
[Site "Linares"]
[Date "2024.10.01"]
[Round "9.15"]
[White "Romero Calduch, Sergio"]
[Black "Garcia Fernandez, Victor"]
[Result "1-0"]
[Annotator "RC"]
[ECO "D37"]
[WhiteElo "2276"]
[BlackElo "2353"]
[PlyCount "87"]
[EventDate "2024.09.25"]
[EventType "swiss"]
[EventCountry "ESP"]
[SourceTitle "playchess.com"]
[Source "ChessBase"]
[SourceQuality "1"]
[TimeControl "5400+30"]

1. d4 Nf6 2. c4 e6 3. Nf3 d5 4. Nc3 dxc4 5. e4 b5 6. e5 Nd5 7. Nxb5 Nb6 8. Be2 Qd7 9. Nc3 Bb7 10. O-O Nc6 11. Be3 Bb4 12. Qc1 Ne7 13. a3 Ba5 14. Nd2 Nf5 15. b4 cxb3 16. Nxb3 Bxc3 17. Qxc3 Bd5 18. a4 Nxa4 19. Qb4 Nb6 20. Nc5 Qd8 21. Na6 Rc8 22. Ra3 h6 23. Rc1 Ne7 24. Qd2 c6 25. Nc5 Rc7 26. Rca1 Nec8 27. Qc1 Nd7 28. Bd2 Qh4 29. Nxd7 Rxd7 30. Qc5 Qd8 31. Bb4 Qb6 32. Qxb6 axb6 33. Ra8 Rd8 34. Rb8 Kd7 35. Rb7+ Ke8 36. Rc7 b5 37. Ra8 c5 38. Bxb5+ Kf8 39. Bxc5+ Kg8 40. Rcxc8 Bxa8 41. Rxd8+ Kh7 42. Bd3+ g6 43. Rxh8+ Kxh8 44. Bf8 1-0

[Event "10th Iberoamericano-ch 2024"]
[Site "Linares"]
[Date "2024.10.01"]
[Round "9.16"]
[White "Garcia, Jhoel"]
[Black "Rodriguez Vila, Andres"]
[Result "0-1"]
[Annotator "TA"]
[ECO "C03"]
[WhiteElo "2360"]
[BlackElo "2419"]
[PlyCount "46"]
[EventDate "2024.09.25"]
[EventType "swiss"]
[EventCountry "ESP"]
[SourceTitle "playchess.com"]
[Source "ChessBase"]
[SourceQuality "1"]
[TimeControl "5400+30"]

1. e4 e6 2. d4 d5 3. Nd2 Be7 4. Ngf3 Nf6 5. e5 Nfd7 6. Bd3 c5 7. c3 Nc6 8. O-O Qb6 9. dxc5 $1 Qc7 {[%emt 0:00:06][%cal Rd7e5] C06: Frans Tarrasch: 3...Pf6 4 e5 Pfd7 5 Ld3 Hoofdvarianten.} {Wit zou moeten spelen} 10. Bb5 {[%emt 0:06:44] Fout (0.8)} (10. Nb3 $1 $14) 10... O-O $15 {[%emt 0:03:19][%cal Rc6e5] OK} 11. c4 $146 {[%emt 0:09:46] Houdt de partij in balans. Fout (0.5)} (11. Nb3 $1 $11) ({Predecessor:} 11. b4 Ndxe5 12. Nxe5 Nxe5 13. f4 Bd7 14. Be2 Ng6 15. Nb3 Bf6 16. Qd3 Rad8 17. Be3 {0-1 Sevgi,V (2256)-Rydl,J (2398) EU-chT U18 16th 2016 (7.5)}) 11... Ndxe5 $17 {[%emt 0:01:55] Zwart is actiever. OK. Zwart staat beter.} 12. cxd5 {[%emt 0:00:40] Beste} exd5 13. Nxe5 {[%emt 0:00:27] OK} Nxe5 14. Nb3 {[%emt 0:00:46] Beste (Gemakkelijk)} Ng4 {[%emt 0:14:53][%csl Gg4][%cal Rc7h2] Onnauwkeurig} 15. g3 {[%emt 0:05:47] Beste (Gemakkelijk)} Bxc5 {[%emt 0:02:07] Met het idee ...Qb6. Beste (Gemakkelijk)} 16. Be2 $1 {[%emt 0:26:44][%cal Ob3c5] Dreigt te winnen met Nxc5! Sterk} h5 {[%emt 0:11:42] Onnauwkeurig} (16... Nf6 $5 {vereenvoudigt} 17. Nxc5 Qxc5 18. Be3 Qd6) 17. Qxd5 {[%emt 0:04:28] Onnauwkeurig} (17. Nxc5 $5 {vereenvoudigt} Qxc5 18. Bf3 d4 19. Bf4) 17... Bb6 $36 {[%emt 0:02:28][%mdl 2048] Zwart drukt. OK} 18. Qxh5 {[%emt 0:13:49][%cal Re2g4] Beste (Gemakkelijk)} g6 {[%emt 0:00:08] Maintains equilibrium. Fout (1.2)} (18... Nf6 $1 $11 19. Qh4 Bf5) {Ideally, White should attempt.} 19. Qg5 {[%emt 0:04:46] Fout (0.7)} (19. Qh4 $16 Qd7 20. Bf4) {Preferably, Black should attempt.} 19... Nxf2 {[%emt 0:00:08] Fout (0.6)} (19... Qe5 $14 20. Qxe5 (20. Bxg4 Qxg5 21. Bxg5 Bxg4 $11) 20... Nxe5) 20. Rxf2 $16 Re8 {[%emt 0:00:07] [#] Voorkomt Be3. OK} 21. Kg2 $2 {[%emt 0:11:16][%mdl 8192] [#] Verliest partij (20.0)} Rxe2 $1 $19 {[%emt 0:00:33] Briljant} 22. Kg1 {Onnauwkeurig} (22. Nc5 Bxc5) 22... Re8 (22... Re1+ $142 23. Kg2 Qc6+ 24. Qd5 Qxd5+ 25. Rf3 Rg1#) 23. Bd2 Qc2 {Blunder waarde: Wit=0.75/Zwart=0.58.  Verliest partij:   	Wit=1      	---        Fout:        	Wit=3      	Zwart=2      Onnauwkeurig:    	Wit=2      	Zwart=2      OK:         	Wit=1      	Zwart=4      Beste:        	Wit=4      	Zwart=1      Sterk:        	Wit=1      	---        Briljant:      	---       	Zwart=1} 0-1

[Event "10th Iberoamericano-ch 2024"]
[Site "Linares"]
[Date "2024.10.01"]
[Round "9.17"]
[White "Sos Andreu, Eric"]
[Black "Zambrana, Osvaldo"]
[Result "1/2-1/2"]
[Annotator "RC"]
[ECO "D30"]
[WhiteElo "2364"]
[BlackElo "2409"]
[PlyCount "129"]
[EventDate "2024.09.25"]
[EventType "swiss"]
[EventCountry "ESP"]
[SourceTitle "playchess.com"]
[Source "ChessBase"]
[SourceQuality "1"]
[TimeControl "5400+30"]

1. d4 d5 2. c4 e6 3. Nf3 h6 4. g3 Nf6 5. Bg2 Bd6 6. O-O O-O 7. b3 b6 8. Nc3 Bb7 9. Qc2 Nbd7 10. cxd5 exd5 11. Nh4 Re8 12. Nf5 a6 13. Nxd6 cxd6 14. Qf5 Rc8 15. Bd2 Ne4 16. Nxe4 dxe4 17. Rac1 Nf6 18. Bh3 Nd5 19. e3 g6 20. Qd7 Qxd7 21. Bxd7 Rxc1 22. Rxc1 Rd8 23. Bh3 h5 24. Bf1 Kf8 25. Bc4 Ke7 26. h4 Rc8 27. a4 a5 28. Kf1 Nb4 29. Ke2 d5 30. Bb5 Rxc1 31. Bxc1 Ba6 32. Bxa6 Nxa6 33. f3 Ke6 34. Ba3 Nc7 35. Kf2 Ne8 36. b4 axb4 37. Bxb4 Nf6 38. Ba3 exf3 39. Kxf3 Ne4 40. Bb4 Kf5 41. a5 bxa5 42. Bxa5 g5 43. Bc7 f6 44. Bb8 Nc3 45. hxg5 fxg5 46. Bc7 g4+ 47. Kf2 Ke4 48. Bf4 Kd3 49. Ke1 Ne4 50. Kd1 Nxg3 51. Bxg3 Kxe3 52. Ke1 Kf3 53. Bh4 g3 54. Kf1 Kg4 55. Bd8 h4 56. Ba5 h3 57. Be1 Kf4 58. Kg1 Kf3 59. Kh1 g2+ 60. Kg1 Ke2 61. Bg3 Ke3 62. Be5 Kf3 63. Bd6 Ke3 64. Be5 Kf3 65. Bd6 1/2-1/2

[Event "10th Iberoamericano-ch 2024"]
[Site "Linares"]
[Date "2024.10.01"]
[Round "9.18"]
[White "Ticona Rocabado, Licael Roderick"]
[Black "Ynojosa Aponte, Felix Jose"]
[Result "1-0"]
[Annotator "RC"]
[ECO "E15"]
[WhiteElo "2319"]
[BlackElo "2387"]
[PlyCount "123"]
[EventDate "2024.09.25"]
[EventType "swiss"]
[EventCountry "ESP"]
[SourceTitle "playchess.com"]
[Source "ChessBase"]
[SourceQuality "1"]
[TimeControl "5400+30"]

1. d4 Nf6 2. c4 e6 3. Nf3 b6 4. g3 Bb7 5. Bg2 c5 6. d5 exd5 7. cxd5 Bxd5 8. Nc3 Bc6 9. e4 d6 10. O-O Be7 11. Qd3 O-O 12. Rd1 b5 13. Nh4 b4 14. Nb5 Nbd7 15. Nf5 Ne5 16. Qe2 Bxb5 17. Qxb5 Qc7 18. Qa6 Rfd8 19. Bg5 Rab8 20. f4 Ng6 21. Rd2 Rb6 22. Qc4 h6 23. Bxh6 gxh6 24. Nxh6+ Kg7 25. Nxf7 Re8 26. Ng5 Bf8 27. Ne6+ Rxe6 28. Qxe6 c4 29. Kh1 c3 30. bxc3 bxc3 31. Rc2 d5 32. Qf5 dxe4 33. Bxe4 Nxe4 34. Qxe4 Be7 35. Rd1 Bf6 36. h4 Qb7 37. Qxb7+ Rxb7 38. h5 Ne7 39. g4 Rb2 40. Rcc1 Rd2 41. Rxd2 cxd2 42. Rd1 Bc3 43. Kg2 Nd5 44. Kf3 Nb4 45. Ke4 Nxa2 46. Kd3 Bb4 47. g5 Nc1+ 48. Kc4 a5 49. h6+ Kh8 50. g6 Ne2 51. f5 Ng3 52. f6 Nf5 53. g7+ Kg8 54. Rh1 Nxh6 55. Rxh6 d1=Q 56. Rh8+ Kf7 57. g8=Q+ Kxf6 58. Rh6+ Kf5 59. Qe6+ Kf4 60. Rf6+ Kg3 61. Qe3+ Kh4 62. Qf4+ 1-0

[Event "10th Iberoamericano-ch 2024"]
[Site "Linares"]
[Date "2024.10.01"]
[Round "9.19"]
[White "Labiano Hernandez, Juan"]
[Black "Garzon Zapatanga, Christopher Leonel"]
[Result "1-0"]
[Annotator "RC"]
[ECO "E71"]
[WhiteElo "2398"]
[BlackElo "2216"]
[PlyCount "63"]
[EventDate "2024.09.25"]
[EventType "swiss"]
[EventCountry "ESP"]
[SourceTitle "playchess.com"]
[Source "ChessBase"]
[SourceQuality "1"]
[TimeControl "5400+30"]

1. d4 Nf6 2. c4 g6 3. Nc3 Bg7 4. e4 d6 5. h3 O-O 6. Be3 e5 7. d5 Nbd7 8. g4 Nc5 9. Qc2 a5 10. Nf3 Ne8 11. O-O-O f5 12. gxf5 gxf5 13. h4 fxe4 14. Ng5 Bg4 15. Rd2 Nd3+ 16. Kb1 Ne1 17. Qb3 Nf3 18. Rc2 Nf6 19. Ncxe4 Nxe4 20. Nxe4 Ne1 21. Rc1 Bf3 22. Ng5 Bxh1 23. Rxe1 Qf6 24. Bd3 e4 25. Bc2 Bf3 26. Ne6 a4 27. Qa3 c5 28. Rg1 Rf7 29. Bd2 Be2 30. Qc3 Kh8 31. Nxg7 Qd4 32. Ne6 1-0

[Event "10th Iberoamericano-ch 2024"]
[Site "Linares"]
[Date "2024.10.01"]
[Round "9.20"]
[White "Iglesias Ferreira, Andres"]
[Black "Horcajuelo Rocamora, Martin"]
[Result "0-1"]
[Annotator "RC"]
[ECO "B96"]
[WhiteElo "2301"]
[BlackElo "2394"]
[PlyCount "42"]
[EventDate "2024.09.25"]
[EventType "swiss"]
[EventCountry "ESP"]
[SourceTitle "playchess.com"]
[Source "ChessBase"]
[SourceQuality "1"]
[TimeControl "5400+30"]

1. e4 c5 2. Nf3 d6 3. d4 cxd4 4. Nxd4 Nf6 5. Nc3 a6 6. Bg5 e6 7. f4 h6 8. Bh4 Qb6 9. a3 Be7 10. Bf2 Qc7 11. Qf3 Nc6 12. Nxc6 bxc6 13. g4 e5 14. f5 d5 15. h4 d4 16. Nd1 Bb7 17. g5 Nxe4 18. Qxe4 c5 19. Qg4 Bxh1 20. Bc4 hxg5 21. hxg5 Qc6 0-1

[Event "10th Iberoamericano-ch 2024"]
[Site "Linares"]
[Date "2024.10.01"]
[Round "9.21"]
[White "Leyva, Hector"]
[Black "Perea Fruet, Lorenzo"]
[Result "1-0"]
[Annotator "RC"]
[ECO "A46"]
[WhiteElo "2296"]
[BlackElo "2411"]
[PlyCount "109"]
[EventDate "2024.09.25"]
[EventType "swiss"]
[EventCountry "ESP"]
[SourceTitle "playchess.com"]
[Source "ChessBase"]
[SourceQuality "1"]
[TimeControl "5400+30"]

1. d4 Nf6 2. Nf3 d6 3. c4 g6 4. Nc3 Bf5 5. g3 Bg7 6. Bg2 Ne4 7. Ng5 Nxc3 8. bxc3 Nc6 9. O-O h6 10. e4 Bd7 11. Nf3 O-O 12. Rb1 b6 13. Be3 Na5 14. Qc1 Kh7 15. Nd2 c5 16. d5 Bc8 17. Re1 e6 18. Qc2 e5 19. f4 Ba6 20. Bf1 exf4 21. gxf4 Qh4 22. Bd3 Rae8 23. Kh1 Kh8 24. Rg1 Bc8 25. Rg3 Bg4 26. Rbg1 f5 27. Bf2 Qh5 28. e5 Kh7 29. e6 Re7 30. Be3 Bf6 31. Rxg4 fxg4 32. Ne4 Rg7 33. Ng3 Qh4 34. Bf2 Rgg8 35. Ne4 Qh5 36. Nxd6 b5 37. Bxc5 Nxc4 38. Bxc4 bxc4 39. Qe4 Rb8 40. Nxc4 Rgc8 41. Bb4 a5 42. Nxa5 Rb5 43. d6 Rxa5 44. Qb7+ Bg7 45. Bxa5 g3 46. Qg2 Qxa5 47. d7 Rxc3 48. e7 Rd3 49. e8=Q Rd2 50. Qxg6+ Kxg6 51. Qxg3+ Kf5 52. Qg6+ Kxf4 53. Rg4+ Ke5 54. Qh5+ Ke6 55. Qxa5 1-0

[Event "10th Iberoamericano-ch 2024"]
[Site "Linares"]
[Date "2024.10.01"]
[Round "9.22"]
[White "Prado Lobo, Jonas"]
[Black "Buiza Prieto, Eihartze"]
[Result "1/2-1/2"]
[Annotator "RC"]
[ECO "E51"]
[WhiteElo "2381"]
[BlackElo "2056"]
[PlyCount "87"]
[EventDate "2024.09.25"]
[EventType "swiss"]
[EventCountry "ESP"]
[SourceTitle "playchess.com"]
[Source "ChessBase"]
[SourceQuality "1"]
[TimeControl "5400+30"]

1. d4 d5 2. c4 e6 3. Nc3 Nf6 4. Nf3 Bb4 5. e3 O-O 6. Bd2 c5 7. a3 Bxc3 8. Bxc3 Ne4 9. Rc1 cxd4 10. Nxd4 Nxc3 11. Rxc3 dxc4 12. Bxc4 e5 13. Nb5 Qxd1+ 14. Kxd1 Nc6 15. Ke2 Rd8 16. f3 Bf5 17. e4 a6 18. Nc7 Rac8 19. Nd5 Be6 20. Rhc1 Kf8 21. Ke3 Na5 22. Ba2 Rxc3+ 23. Rxc3 Nc6 24. Rc5 f6 25. b4 Ne7 26. Rc7 Rd7 27. Rxd7 Bxd7 28. Nb6 Ke8 29. Bd5 Nxd5+ 30. exd5 Ke7 31. f4 exf4+ 32. Kxf4 Bb5 33. Ke3 Kd6 34. Kd4 h5 35. g3 g6 36. a4 Bf1 37. a5 Bb5 38. h4 Bf1 39. Na4 Bg2 40. Nb6 Bf1 41. Nc8+ Kd7 42. Nb6+ Kd6 43. Na4 Bg2 44. Nb6 1/2-1/2

[Event "10th Iberoamericano-ch 2024"]
[Site "Linares"]
[Date "2024.10.01"]
[Round "9.24"]
[White "Domingo Nunez, Alejandro"]
[Black "Goncalves, Samuel Jesus P"]
[Result "1/2-1/2"]
[Annotator "RC"]
[ECO "A15"]
[WhiteElo "2328"]
[BlackElo "2240"]
[PlyCount "95"]
[EventDate "2024.09.25"]
[EventType "swiss"]
[EventCountry "ESP"]
[SourceTitle "playchess.com"]
[Source "ChessBase"]
[SourceQuality "1"]
[TimeControl "5400+30"]

1. Nf3 Nf6 2. c4 g6 3. b3 Bg7 4. Bb2 O-O 5. g3 b6 6. Bg2 Bb7 7. O-O c5 8. Re1 e6 9. d4 d5 10. dxc5 dxc4 11. Qc1 Qc8 12. Qxc4 Nbd7 13. cxb6 Qxc4 14. bxc4 axb6 15. Nbd2 Nc5 16. Nb3 Ra4 17. Bd4 Nfd7 18. Nxc5 bxc5 19. Bxg7 Kxg7 20. Red1 Nb6 21. Rdb1 Bxf3 22. Bxf3 Nxc4 23. Bc6 Ra5 24. a4 Rc8 25. Bg2 Nd6 26. Rb6 Nf5 27. Rb5 Rxb5 28. axb5 Rb8 29. Rb1 Rb6 30. e3 Nd6 31. Bc6 c4 32. Kf1 c3 33. Ke2 Nxb5 34. Bxb5 c2 35. Rc1 Rxb5 36. Rxc2 h5 37. h3 g5 38. Rc4 f5 39. Kf3 Kf6 40. Rc8 Rb2 41. Rf8+ Kg7 42. Re8 Kf6 43. Rh8 g4+ 44. hxg4 hxg4+ 45. Kg2 Ke5 46. Rd8 Ra2 47. Rd4 Rb2 48. Ra4 1/2-1/2

[Event "10th Iberoamericano-ch 2024"]
[Site "Linares"]
[Date "2024.10.01"]
[Round "9.25"]
[White "Galvan Cipriani, Viviana"]
[Black "Fernandez Sanchez, Fernando Miguel"]
[Result "0-1"]
[Annotator "RC"]
[ECO "A13"]
[WhiteElo "2138"]
[BlackElo "2399"]
[PlyCount "96"]
[EventDate "2024.09.25"]
[EventType "swiss"]
[EventCountry "ESP"]
[SourceTitle "playchess.com"]
[Source "ChessBase"]
[SourceQuality "1"]
[TimeControl "5400+30"]

1. c4 e6 2. Nf3 d5 3. g3 Nf6 4. Bg2 d4 5. e3 Nc6 6. exd4 Nxd4 7. O-O Bc5 8. Nc3 O-O 9. d3 e5 10. h3 Re8 11. Ng5 h6 12. Nge4 Nxe4 13. Nxe4 Bf8 14. Kh2 f5 15. Nc3 c6 16. f4 exf4 17. Bxf4 Be6 18. Qd2 Qd7 19. Rad1 Rad8 20. Qf2 Bf7 21. Be3 g6 22. Qd2 Kh7 23. Rf4 Bg7 24. Rh4 Rxe3 25. Qxe3 Re8 26. Qd2 Ne6 27. Rf4 Nxf4 28. Qxf4 Be5 29. Qf3 Bd4 30. Qf1 Re3 31. Re1 Rxd3 32. Qxd3 Bg1+ 33. Kxg1 Qxd3 34. Re7 Kg8 35. Kh2 b6 36. c5 Qd2 37. Re2 Qd7 38. Re5 Kf8 39. cxb6 axb6 40. a4 Qd4 41. Re1 Bb3 42. h4 Kf7 43. Kh3 Bxa4 44. Nxa4 Qxa4 45. Rc1 Qg4+ 46. Kh2 f4 47. Rxc6 fxg3+ 48. Kg1 Qd4+ 0-1

[Event "10th Iberoamericano-ch 2024"]
[Site "Linares"]
[Date "2024.10.01"]
[Round "9.26"]
[White "Panelo, Marcelo"]
[Black "Diaz Mino, Daniel"]
[Result "1/2-1/2"]
[Annotator "RC"]
[ECO "B56"]
[WhiteElo "2344"]
[BlackElo "2229"]
[PlyCount "217"]
[EventDate "2024.09.25"]
[EventType "swiss"]
[EventCountry "ESP"]
[SourceTitle "playchess.com"]
[Source "ChessBase"]
[SourceQuality "1"]
[TimeControl "5400+30"]

1. e4 c5 2. Nf3 d6 3. d4 Nf6 4. Nc3 cxd4 5. Nxd4 e5 6. Bb5+ Nbd7 7. Nf5 a6 8. Bxd7+ Qxd7 9. Ne3 Be7 10. a4 O-O 11. O-O Qc6 12. Qf3 Be6 13. a5 Bd8 14. Rd1 b5 15. axb6 Bxb6 16. Nf5 Bxf5 17. Qxf5 Bd4 18. Bg5 Qc8 19. Qf3 Qg4 20. Bxf6 Qxf3 21. gxf3 gxf6 22. Ne2 Bxb2 23. Ra2 Rfb8 24. Rd2 Bd4 25. Nxd4 exd4 26. Rxd4 Rb6 27. Rc4 a5 28. Kg2 Kg7 29. Kg3 Rb5 30. Rd4 Ra6 31. Kf4 Rh5 32. h3 Rxh3 33. Rd5 a4 34. Rd4 Rc6 35. Rdxa4 Rc3 36. e5 fxe5+ 37. Ke4 Rhxf3 38. Kd5 Rxf2 39. Kxd6 Rfxc2 40. Rxc2 Rxc2 41. Kxe5 Rf2 42. Rg4+ Kh6 43. Rg1 Rf3 44. Ke4 Rf6 45. Ke5 Rg6 46. Rh1+ Kg7 47. Kf5 h6 48. Rh5 f6 49. Rh1 Rg5+ 50. Kf4 Kg6 51. Ra1 h5 52. Kf3 Rg4 53. Ra8 Rb4 54. Kg3 Kg5 55. Rg8+ Kf5 56. Rh8 Rb3+ 57. Kg2 Kg4 58. Rg8+ Kf4 59. Rh8 Rg3+ 60. Kf2 Rg5 61. Rh6 f5 62. Ra6 Kg4 63. Ra1 h4 64. Rg1+ Kh5 65. Rh1 Rg3 66. Ra1 Kg5 67. Ra8 Rb3 68. Rh8 Kg4 69. Rg8+ Kf4 70. Ra8 Rb2+ 71. Kg1 h3 72. Rh8 Kg3 73. Rg8+ Kf3 74. Rh8 Rg2+ 75. Kh1 Rg3 76. Ra8 f4 77. Kh2 Kg4 78. Rg8+ Kf3 79. Ra8 Ke4 80. Re8+ Kd3 81. Ra8 Re3 82. Ra4 Rf3 83. Rb4 Ke3 84. Ra4 Rg3 85. Ra3+ Kf2 86. Ra2+ Kf3 87. Ra8 Rg2+ 88. Kxh3 Re2 89. Rf8 Re4 90. Ra8 Kf2 91. Ra2+ Re2 92. Ra1 f3 93. Ra8 Rd2 94. Ra1 Ke3 95. Ra8 Rd7 96. Ra3+ Rd3 97. Ra1 Rd7 98. Ra3+ Ke2 99. Ra2+ Rd2 100. Ra1 Kf2 101. Rb1 Re2 102. Ra1 Re8 103. Ra2+ Ke3 104. Ra3+ Kf4 105. Ra4+ Re4 106. Ra8 Ke3 107. Kg3 Re7 108. Ra3+ Ke2 109. Ra2+ 1/2-1/2

[Event "10th Iberoamericano-ch 2024"]
[Site "Linares"]
[Date "2024.10.01"]
[Round "9.27"]
[White "Blanco Acevedo, Cristobal Jose"]
[Black "Pastor Carvajal, Jeigoth"]
[Result "1-0"]
[Annotator "RC"]
[ECO "D35"]
[WhiteElo "2301"]
[BlackElo "2120"]
[PlyCount "85"]
[EventDate "2024.09.25"]
[EventType "swiss"]
[EventCountry "ESP"]
[SourceTitle "playchess.com"]
[Source "ChessBase"]
[SourceQuality "1"]
[TimeControl "5400+30"]

1. c4 e6 2. Nc3 d5 3. d4 Nf6 4. Bf4 c6 5. e3 Be7 6. Bd3 Nbd7 7. cxd5 exd5 8. h3 O-O 9. Nf3 Re8 10. Qc2 Nf8 11. O-O-O Ng6 12. Bg5 Ne4 13. h4 f5 14. Bxe7 Qxe7 15. h5 Nh8 16. Ne5 Nf7 17. f4 Nxe5 18. dxe5 Qc5 19. Nxe4 Qxc2+ 20. Kxc2 fxe4 21. Be2 Be6 22. g4 Bf7 23. g5 Be6 24. Rhg1 Rad8 25. b4 b6 26. Rd2 c5 27. Kc3 cxb4+ 28. Kxb4 Rc8 29. Ba6 Rc5 30. Rgg2 Bc8 31. Bb5 Re7 32. Rd4 Rec7 33. Rgd2 Bb7 34. g6 hxg6 35. hxg6 Rc3 36. Rxd5 a5+ 37. Ka4 Bxd5 38. Rxd5 Rc8 39. e6 R8c4+ 40. Bxc4 Rxc4+ 41. Kb5 Rb4+ 42. Kc6 Kf8 43. Kd7 1-0

[Event "10th Iberoamericano-ch 2024"]
[Site "Linares"]
[Date "2024.10.01"]
[Round "9.28"]
[White "Giron, Jorge Ernesto"]
[Black "Jimenez Fernandez, Rebeca"]
[Result "1-0"]
[Annotator "RC"]
[ECO "E06"]
[WhiteElo "2279"]
[BlackElo "2097"]
[PlyCount "55"]
[EventDate "2024.09.25"]
[EventType "swiss"]
[EventCountry "ESP"]
[SourceTitle "playchess.com"]
[Source "ChessBase"]
[SourceQuality "1"]
[TimeControl "5400+30"]

1. d4 Nf6 2. c4 e6 3. g3 d5 4. Bg2 Be7 5. Nf3 O-O 6. O-O c6 7. Nc3 a5 8. b3 b6 9. Qd3 Ba6 10. a4 Ra7 11. Rd1 Qc8 12. e4 dxe4 13. Nxe4 Rd8 14. Bh3 c5 15. Nfg5 Nbd7 16. Nxf7 Kxf7 17. Bxe6+ Kf8 18. Nxf6 Bxf6 19. Qxh7 Ne5 20. Bxc8 Bxc8 21. d5 Nf3+ 22. Kg2 Bg4 23. Bf4 Bxa1 24. Rxa1 Re8 25. h3 Ne1+ 26. Rxe1 Bxh3+ 27. Qxh3 Rxe1 28. Qf5+ 1-0

[Event "10th Iberoamericano-ch 2024"]
[Site "Linares"]
[Date "2024.10.01"]
[Round "9.29"]
[White "Barrenechea Bahamonde, Gustavo"]
[Black "Ruiz Buendia, Miguel"]
[Result "0-1"]
[Annotator "RC"]
[ECO "C22"]
[WhiteElo "2093"]
[BlackElo "2295"]
[PlyCount "51"]
[EventDate "2024.09.25"]
[EventType "swiss"]
[EventCountry "ESP"]
[SourceTitle "playchess.com"]
[Source "ChessBase"]
[SourceQuality "1"]
[TimeControl "5400+30"]

1. e4 e5 2. d4 exd4 3. Qxd4 Nc6 4. Qe3 Nf6 5. Nc3 Bb4 6. Bd2 O-O 7. O-O-O Re8 8. Bc4 d6 9. Nf3 Be6 10. Bxe6 Rxe6 11. Ng5 Re8 12. f3 d5 13. Qf4 Bd6 14. Qh4 h6 15. Nh3 dxe4 16. Bxh6 gxh6 17. Qxh6 e3 18. Ng5 e2 19. Nd5 exd1=Q+ 20. Rxd1 Be5 21. f4 Nd4 22. c4 Ne2+ 23. Kc2 Nxf4 24. Nxf4 Qc8 25. Nfe6 Rxe6 26. Rd3 0-1